 Dungeon Crawl Stone Soup version 0.27-a0-1232-gc6a4cbde82 (webtiles) character file.

Game seed: 5549365215584241451

5984 Zonian the Conjurer (level 11, -9/80 HPs)
             Began as a Human Conjurer on June 9, 2021.
             Was an Elder of Lugonu.
             Mangled by a deep troll (16 damage)
             ... on level 9 of the Dungeon.
             The game lasted 00:29:25 (18836 turns).

Zonian the Conjurer (Human Conjurer)               Turns: 18836, Time: 00:29:25

Health: -9/80      AC:  6    Str:  9    XL:     11   Next: 10%
Magic:  14/28      EV: 14    Int: 25    God:    Lugonu [****..]
Gold:   343        SH:  5    Dex: 13    Spells: 11/21 levels left

rFire    . . .     SeeInvis .   h - +4 short sword (elec)
rCold    . . .     Faith    .   (no shield)
rNeg     . . .     Spirit   .   a - +0 robe
rPois    .         Reflect  +   (no helmet)
rElec    .         Harm     .   m - +1 cloak
rCorr    .         Rampage  .   (no gloves)
Will     .....                  e - +1 pair of boots
Stlth    +++.......             q - amulet of reflection
HPRegen  0.23/turn              n - +6 ring of intelligence
MPRegen  0.21/turn              J - ring of magical power

@: very slightly contaminated
A: no striking features
a: Renounce Religion, Depart the Abyss, Bend Space, Banish, Corrupt


You were on level 9 of the Dungeon.
You worshipped Lugonu.
Lugonu was greatly pleased with you.
You visited 1 branch of the dungeon, and saw 9 of its levels.

You collected 343 gold pieces.

Inventory:

Hand Weapons
 b - a +0 dagger
 h - a +4 short sword of electrocution (weapon)
 i - a +1 flail of protection
 o - a +0 scimitar of flaming
 p - a +0 executioner's axe
 u - a +1 flail of protection
 B - a +2 dagger of venom
 F - a +0 war axe of electrocution
 K - a +4 dire flail of freezing
Missiles
 d - 7 boomerangs
 x - 3 silver boomerangs
 z - 16 javelins
 E - a curare-tipped dart
Armour
 a - a +0 robe (worn)
 e - a +1 pair of boots (worn)
 f - a +0 ring mail of fire resistance
 m - a +1 cloak (worn)
 G - a +3 leather armour
Jewellery
 k - a ring of fire
 n - a +6 ring of intelligence (left hand)
 q - an amulet of reflection (around neck)
 v - a ring of positive energy
 w - a ring of see invisible
 y - the ring "Gemamn" {Fire Int+4}
   (You found it on level 5 of the Dungeon)

   [ring of fire]

   It enhances your fire magic.
   It affects your intelligence (+4).
   It protects you from fire.
   It makes you vulnerable to cold.
 A - the macabre finger necklace {rN+}
   (You found it on level 5 of the Dungeon)

   [amulet of nothing]

   It enables you to equip an extra ring.
   It protects you from negative energy.
 J - a ring of magical power (right hand)
Wands
 j - a wand of polymorph (17)
 r - a wand of flame (25)
 C - a wand of iceblast (2)
Scrolls
 g - a scroll of vulnerability
 D - a scroll of teleportation
 H - a scroll of identify
 I - a scroll of acquirement {unknown}
Potions
 c - 2 potions of brilliance
 l - 2 potions of flight
 s - a potion of might {unknown}
 t - a potion of mutation


   Skills:
 + Level 5.6 Fighting
 + Level 5.5 Short Blades
 + Level 6.0 Dodging
 + Level 6.6 Stealth
 + Level 5.5 Spellcasting
 + Level 7.2 Conjurations
 + Level 1.0 Hexes
 + Level 4.3 Translocations
 + Level 6.0 Invocations


You had 11 spell levels left.
You knew the following spells:

 Your Spells              Type           Power      Damage    Failure   Level
a - Magic Dart            Conj           100%       1d8       1%          1
b - Searing Ray           Conj           86%        3d6       1%          2
c - Iskenderun's Mystic   Conj/Tloc      35%        2d8       7%          4
d - Dazzling Flash        Conj/Hex       54%        N/A       4%          3

Your spell library contained the following spells:

 Spells                   Type           Power      Damage    Failure   Level
 Corona                   Hex            13%        N/A       4%          1
 Beastly Appendage        Tmut           12%        N/A       8%          1
 Ensorcelled Hibernation  Hex/Ice        18%        N/A       10%         2
 Wereblood                Tmut           6%         N/A       12%         2
 Fulminant Prism          Conj/Hex       13%        3d9       14%         4
 Confusing Touch          Hex            12%        N/A       16%         3
 Tukima's Dance           Hex            12%        N/A       16%         3
 Spider Form              Tmut/Pois      3%         N/A       24%         3
 Ice Form                 Ice/Tmut       6%         N/A       61%         4
 Hydra Form               Tmut           3%         N/A       91%         5


Dungeon Overview and Level Annotations

Branches:
Dungeon (9/15)             Temple (0/1) D:4
   Lair: D:8-11         Orc: D:9-12

Altars:
Trog
Vehumet
Yredelemnul
Lugonu

Annotations:
D:7 2 transporters, flord's ghost, novice MiFi


Message History

* * * LOW HITPOINT WARNING * * *
Unknown command.
The searing ray hits the deep troll.
The deep troll is almost dead.
The searing ray hits the yaktaur captain.
The yaktaur captain is almost dead.
You finish channeling your searing ray.
The deep troll bites you!
* * * LOW HITPOINT WARNING * * *
You block the deep troll's attack.
The deep troll claws you but does no damage.
Okay, then.
Space bends around you!
You blink.
Okay, then.
Okay, then.
Casting: Searing Ray (safe; 1% risk of failure)
Confirm with . or Enter, or press ? or * to list all spells.
Okay, then.
Casting: Searing Ray (safe; 1% risk of failure)
Confirm with . or Enter, or press ? or * to list all spells.
Aiming: Searing Ray (safe; 1% risk of failure)
Press: ? - help, Shift-Dir - straight line, f/p - deep troll
Aim: a deep troll (almost dead, 82% to hit)
You miscast Searing Ray.
You are very lightly contaminated with residual magic.
Nothing appears to happen.
Unknown command.
Casting: Searing Ray (safe; 1% risk of failure)
Confirm with . or Enter, or press ? or * to list all spells.
Aiming: Searing Ray (safe; 1% risk of failure)
Press: ? - help, Shift-Dir - straight line, f/p - deep troll
Aim: a deep troll (almost dead, 82% to hit)
The searing ray misses the deep troll. (Press . to maintain the ray.) Unknown command.
The searing ray hits the deep troll.
The deep troll is almost dead.
The searing ray hits the yaktaur captain!
The yaktaur captain is almost dead.
You block the deep troll's attack. x2; The deep troll claws you!
You die...

# ##. ##
#:[T##.# +#
#)..#+
#.##)=[##.#
#.##c##.##
#.###.##
#@Tc## ###
###'####
..###..##..#
#.#..##..#
#.#..##!.#
#.###).##..#
#.'##รท.# ..#
.. #..
#.#..##..##.#
..##.. #.#..#
..# .#


You could see a yaktaur captain and a deep troll.

Vanquished Creatures
  Erica (D:8)
  Pikel (D:6)
  Prince Ribbit (D:8)
  A shadow (D:9)
  5 yaks
  Eustachio (D:6)
  2 vampire mosquitoes (D:8)
  Menkaure (D:4)
  A water moccasin (D:8)
  3 orc warriors
  A hornet zombie (D:7)
  3 ice beasts
  A sky beast (D:6)
  A centaur (D:9)
  2 bullfrogs
  3 wyvern zombies
  3 scorpions (D:5)
  A water moccasin zombie (D:5)
  5 wights
  12 killer bees
  4 howler monkeys
  4 hounds
  3 jellies
  2 bullfrog skeletons (D:5)
  4 orc priests
  3 iguanas
  2 scorpion zombies (D:5)
  Ijyb (D:4)
  6 orc wizards
  Terence (D:2)
  A killer bee zombie (D:5)
  A hound zombie (D:5)
  A hound skeleton (D:5)
  A howler monkey zombie (D:9)
  A gnoll (D:5)
  8 adders
  2 white imps
  2 ufetubi
  A worm (D:5)
  2 dart slugs
  25 orcs
  9 ball pythons
  6 endoplasms
  A giant cockroach (D:4)
  2 goblins (D:1)
  7 hobgoblins
  5 jackals
  4 quokkas
  5 bats
  2 frilled lizards
  13 kobolds
  7 rats
185 creatures vanquished.

Vanquished Creatures (others)
  A kobold brigand (D:8)
  3 plants (D:1)
  2 withered plants (D:1)
6 creatures vanquished.

Grand Total: 191 creatures vanquished

Notes
Turn   | Place    | Note
-------+----------+-------------------------------------------
     0 | D:1      | Zonian the Human Conjurer began the quest for the Orb.
     0 | D:1      | Reached XP level 1. HP: 13/13 MP: 3/3
   535 | D:1      | Reached XP level 2. HP: 19/19 MP: 1/5
   680 | D:1      | Learned a level 2 spell: Searing Ray
   693 | D:1      | Found a faded altar of an unknown god.
   761 | D:1      | Became a worshipper of Lugonu the Unformed
   761 | D:1      | Reached * piety under Lugonu
   761 | D:1      | Reached ** piety under Lugonu
  1223 | D:1      | Reached XP level 3. HP: 19/24 MP: 1/6
  2522 | D:2      | Reached XP level 4. HP: 31/31 MP: 3/7
  2566 | D:2      | Reached skill level 1 in Short Blades
  2848 | D:2      | Noticed Terence
  2853 | D:2      | Killed Terence
  2854 | D:2      | Reached skill level 1 in Invocations
  3214 | D:3      | Reached skill level 1 in Fighting
  3403 | D:3      | Reached XP level 5. HP: 6/37 MP: 1/8
  4557 | D:3      | Found a bloodstained altar of Trog.
  4558 | D:3      | Found a basalt altar of Yredelemnul.
  4947 | D:3      | Reached *** piety under Lugonu
  6141 | D:4      | Noticed Menkaure
  6145 | D:4      | Killed Menkaure
  6146 | D:4      | Reached XP level 6. HP: 20/44 MP: 3/10
  6462 | D:4      | You fall into a shaft and drop 2 floors!
  6519 | D:6      | Reached XP level 7. HP: 50/50 MP: 11/11
  6542 | D:6      | Noticed Pikel
  6561 | D:6      | Reached skill level 5 in Conjurations
  6767 | D:6      | Killed Pikel
  6768 | D:6      | Reached XP level 8. HP: 10/58 MP: 0/13
  7211 | D:5      | Entered Level 5 of the Dungeon
  8035 | D:4      | Learned a level 4 spell: Iskenderun's Mystic Blast
  8182 | D:4      | Found a staircase to the Ecumenical Temple.
  8333 | D:4      | Noticed Ijyb
  8337 | D:4      | Killed Ijyb
  8799 | D:5      | Reached skill level 1 in Translocations
  8804 | D:5      | Reached XP level 9. HP: 24/64 MP: 2/15
  9878 | D:5      | Reached skill level 6 in Conjurations
 10028 | D:5      | Reached skill level 5 in Stealth
 10788 | D:5      | Identified the ring "Gemamn" {Fire Int+4}
 10825 | D:5      | Found the macabre finger necklace {rN+}
 11119 | D:6      | Reached **** piety under Lugonu
 11455 | D:6      | Noticed Eustachio
 11480 | D:6      | Killed Eustachio
 12944 | D:7      | Reached XP level 10. HP: 69/73 MP: 7/17
 13378 | D:7      | Reached skill level 5 in Dodging
 13475 | D:7      | Reached skill level 5 in Invocations
 13865 | D:7      | Noticed flord's ghost (novice MiFi)
 13874 | D:7      | Found a transporter.
 13889 | D:7      | Found a transporter.
 15033 | D:8      | Noticed Prince Ribbit
 15049 | D:8      | Killed Prince Ribbit
 15059 | D:8      | Reached skill level 5 in Spellcasting
 15374 | D:8      | HP: 2/73 [orc warrior/+0 war axe of electrocution (10)]
 15689 | D:8      | Noticed Erica
 15708 | D:8      | Killed Erica
 15709 | D:8      | Reached skill level 5 in Fighting
 15709 | D:8      | Reached skill level 5 in Short Blades
 17045 | D:8      | Reached skill level 7 in Conjurations
 17221 | D:8      | Found a radiant altar of Vehumet.
 17804 | D:8      | Learned a level 3 spell: Dazzling Flash
 17881 | D:8      | Reached XP level 11. HP: 60/80 MP: 10/19
 18560 | D:9      | Reached skill level 1 in Hexes
 18818 | D:9      | Noticed a deep troll
 18819 | D:9      | Noticed a yaktaur captain
 18820 | D:9      | Found the +3 salamander hide armour {Flames rF++ rC--}
 18836 | D:9      | Mangled by a deep troll

Illustrated notes

Levels and vault maps discovered:
D:1:      psy_arrival_radial01, layout_basic,
          shapermc_ecumenical_altar_flowoftime, minmay_door_square,
          roderic_three_in_a_row, minmay_pentomino_v4
D:2:      layout_rooms, uniq_terence
D:3:      layout_basic, minitemple, minivault_27, nrook_uturn
D:4:      layout_basic, minmay_temple_entry_grid, minivault_19, uniq_ijyb,
          uniq_menkaure
D:5:      minmay_octagon_keep, layout_loops_ring,
          chequers_serial_rivers_micro_b, minmay_fractal_squares_gapless_5
D:6:      layout_loops_ring, uniq_pikel, uniq_eustachio
D:7:      layout_cave_pods, gammafunk_ghost_stat_death, st_stairs_9
D:8:      layout_basic, vehumet_crystals, uniq_erica, uniq_prince_ribbit1
D:9:      minmay_the_grid_net [minmay_the_grid_minigrid_medium,
          minmay_the_grid_minigrid_large, minmay_the_grid_aliased_spiral,
          minmay_the_grid_zigzag_pyramid, minmay_the_grid_outer_circle,
          minmay_the_grid_prize_diamond_cup], layout_basic,
          nicolae_dithmenos_the_darkroom, uniq_maggie

Skill      XL: |  1  2  3  4  5  6  7  8  9 10 11 |
---------------+----------------------------------+-----
Short Blades   | 1 2 3 4 5 |  5.5
Invocations    | 1 2 3 4 5 6 |  6.0
Fighting       | 1 2 3 4 5 |  5.6
Stealth        | 3 4 5 6 |  6.6
Dodging        | 3 4 5 6 |  6.0
Spellcasting   | 3 4 5 |  5.5
Conjurations   | 5 6 7 |  7.2
Translocations | 1 2 4 |  4.3
Hexes          | 1 |  1.0

Action                   |  1- 3 |  4- 6 |  7- 9 | 10-12 || total
-------------------------+-------+-------+-------+-------++-------
Melee: Dagger            |    48 |    60 |       |       ||   108
       Short sword       |       |     4 |    73 |    35 ||   112
 Cast: Magic Dart        |    74 |    62 |   131 |    68 ||   335
       Searing Ray       |       |     4 |    28 |    35 ||    67
       Iskenderun's Myst |       |       |       |     1 ||     1
Invok: Bend Space        |       |       |     1 |     5 ||     6
Evoke: Wand              |       |       |     1 |     6 ||     7
  Use: Scroll            |     3 |     4 |     5 |     7 ||    19
       Potion            |     1 |     2 |       |     4 ||     7
 Stab: Sleeping          |       |     1 |     4 |     1 ||     6
Armor: Robe              |    13 |    13 |    29 |    13 ||    68
       Skin              |       |       |     2 |       ||     2
Dodge: Dodged            |    25 |    40 |    61 |    55 ||   181
Block: Other             |       |       |    17 |    26 ||    43
       Reflection        |       |       |       |     1 ||     1

Table legend: (Time is in decaauts)
 A = Elapsed time spent in this place.
 B = Non-inter-level travel time spent in this place.
 C = Inter-level travel time spent in this place.
 D = Time resting spent in this place.
 E = Time spent auto-exploring this place.
 F = Levels seen in this place.
 G = Mean time per level.
                   A        B        C        D        E       F      G
               +--------+--------+--------+--------+--------+-----+--------+
         Total |  18870 |  18681 |    189 |  11157 |   5620 |   9 | 2096.7 |
       Dungeon |  18870 |  18681 |    189 |  11157 |   5620 |   9 | 2096.7 |
               +--------+--------+--------+--------+--------+-----+--------+

Top non-repeatable levels by time:
     D:3: 3078 daAuts
     D:5: 3049 daAuts
     D:6: 2779 daAuts
     D:8: 2727 daAuts
     D:7: 2364 daAuts
     D:1: 2273 daAuts
     D:4: 1043 daAuts
     D:2: 894 daAuts
     D:9: 660 daAuts
